 Dungeon Crawl Stone Soup version 0.26.1-11-gd32895ea62 (webtiles) character file.

Game seed: 419458348844376082

914 Zeld the Chopper (level 8, -1/73 HPs)
             Began as a Hill Orc Monk on Sept 8, 2021.
             Slain by a gnoll
             ... wielding a +0 spear
              (4 damage)
             ... on level 5 of the Dungeon.
             The game lasted 00:03:36 (6465 turns).

Zeld the Chopper (Hill Orc Monk)                    Turns: 6465, Time: 00:03:37

Health: -1/73      AC:  2    Str: 16    XL:     8   Next: 9%
Magic:  8/8        EV: 13    Int: 10    God:
Gold:   255        SH:  0    Dex: 13    Spells: 7/7 levels left

rFire    . . .     SeeInvis .   a - +0 war axe
rCold    . . .     Faith    .   (no shield)
rNeg     . . .     Spirit   .   b - +0 robe
rPois    .         Reflect  .   (no helmet)
rElec    .         Harm     .   (no cloak)
rCorr    .         Rampage  .   (no gloves)
Will     .....                  (no boots)
Stlth    ++........             (no amulet)
HPRegen  0.22/turn              (no ring)
MPRegen  0.11/turn              (no ring)

@: lethally poisoned (-1 -> -6)
A: no striking features
a: no special abilities


You were on level 5 of the Dungeon.
You visited 1 branch of the dungeon, and saw 5 of its levels.

You collected 255 gold pieces.

Inventory:

Hand Weapons
 a - a +0 war axe (weapon)
Armour
 b - a +0 robe (worn)
Jewellery
 e - an uncursed ring of wizardry {unknown}
 n - an uncursed ring of magical power {unknown}
 q - a +6 ring of intelligence {unknown}
 w - a +6 ring of dexterity {unknown}
Wands
 t - a wand of polymorph (9)
Scrolls
 d - 2 scrolls of fear {unknown}
 f - 3 scrolls of remove curse {unknown}
 h - 2 scrolls of enchant armour {unknown}
 j - 8 scrolls of identify {unknown}
 p - a scroll of enchant weapon {unknown}
 r - 2 scrolls of teleportation {unknown}
 s - a scroll of fog {unknown}
Potions
 c - a potion of cancellation {unknown}
 g - 3 potions of berserk rage {unknown}
 i - a potion of mutation {unknown}
 k - 2 potions of haste {unknown}
 l - a potion of degeneration {unknown}
 m - a potion of curing {unknown}
 o - a potion of flight {unknown}
 u - a potion of brilliance {unknown}
 v - a potion of magic {unknown}


   Skills:
 * Level 7.2 Fighting
 * Level 7.9 Axes
 + Level 3.6 Armour
 + Level 3.7 Dodging
 - Level 1.5 Stealth


You had 7 spell levels left.
You didn't know any spells.
Your spell library contained the following spells:

 Spells                   Type           Power        Failure   Level
 Animate Skeleton         Necr           0%           36%         1
 Apportation              Tloc           0%           36%         1
 Corona                   Hex            0%           36%         1
 Summon Small Mammal      Summ           0%           36%         1


Dungeon Overview and Level Annotations

Branches:
Dungeon (5/15)             Temple (0/1) D:5

Altars:

Annotations:
D:4 1 runed translucent door, ZARRMARR's ghost, amateur HOMo


Message History

You slash the gnoll shaman!
You kill the gnoll shaman!
You feel sick.
The gnoll hits you from afar with a +0 spear.
The gnoll barely misses you.
You feel sick.
The gnoll hits you from afar with a +0 halberd!
* * * LOW HITPOINT WARNING * * *
The gnoll closely misses you.
You hit the gnoll.
The gnoll is lightly wounded.
You feel sick. The gnoll hits you with a +0 spear.
* * * LOW HITPOINT WARNING * * *
The gnoll hits you from afar with a +0 halberd.
* * * LOW HITPOINT WARNING * * *
The gnoll misses you.
The gnoll hits you from afar with a +0 spear!
* * * LOW HITPOINT WARNING * * *
The gnoll hits you from afar with a +0 spear.
You die...

.......#.#### #...#
.......#.#....##...# #
##.................#.#
#.#.##..#.##.##...#.#
##.#.....#.........'.
#.....##....#.##...###
#..##....##.#........#
#.....##......##.###.#
#...#....>^##.g.@# #.#
#...#.##......#..# #.#
#........##.#.#g.###.#######
#..##.#.....#...............
#.....#..##....#..##########
#..##.......##.#..#
#......##.#.......#
#..##....#...##..#
##................#


You could see 2 gnolls.

Vanquished Creatures
  A sky beast (D:3)
  A phantom (D:5)
  A necrophage (D:5)
  An ogre (D:5)
  A centaur (D:5)
  A scorpion (D:2)
  A howler monkey (D:5)
  A jelly (D:5)
  A hound (D:5)
  2 bullfrog skeletons
  A gnoll shaman (D:5)
  Natasha (thrice) (D:4)
  A howler monkey skeleton (D:4)
  4 adders
  A gnoll (D:5)
  An ufetubus (D:5)
  An ooze (D:3)
  4 worms
  3 dart slugs
  4 leopard geckos
  7 orcs
  A ball python (D:1)
  13 giant cockroaches
  10 hobgoblins
  4 jackals (D:4)
  A quokka (D:2)
  5 bats
  2 frilled lizards
  13 goblins
  5 kobolds
  A kobold zombie (D:5)
  8 rats
  A rat zombie (D:5)
105 creatures vanquished.

Notes
Turn   | Place    | Note
-------+----------+-------------------------------------------
     0 | D:1      | Zeld the Hill Orc Monk began the quest for the Orb.
     0 | D:1      | Reached XP level 1. HP: 19/19 MP: 1/1
    79 | D:1      | Reached XP level 2. HP: 27/27 MP: 2/2
   749 | D:1      | Reached XP level 3. HP: 32/33 MP: 3/3
   787 | D:1      | Reached skill level 1 in Armour
  1167 | D:2      | Noticed a scorpion
  1190 | D:2      | Killed a scorpion
  1191 | D:2      | Reached skill level 5 in Axes
  1191 | D:2      | Reached XP level 4. HP: 13/41 MP: 4/4
  1676 | D:2      | Reached XP level 5. HP: 25/47 MP: 5/5
  1846 | D:2      | Reached skill level 5 in Fighting
  2111 | D:2      | Found a faded altar of an unknown god.
  2368 | D:3      | Noticed a sky beast
  2404 | D:3      | Killed a sky beast
  2405 | D:3      | Reached XP level 6. HP: 11/56 MP: 6/6
  3283 | D:4      | Noticed ZARRMARR's ghost (amateur HOMo)
  3286 | D:4      | Found a runed translucent door.
  3792 | D:4      | Noticed Natasha
  3797 | D:4      | Killed Natasha
  4268 | D:4      | Noticed Natasha
  4279 | D:4      | Killed Natasha
  4987 | D:4      | Noticed Natasha
  5004 | D:4      | Killed Natasha
  5332 | D:5      | Entered Level 5 of the Dungeon
  5378 | D:5      | Reached XP level 7. HP: 56/64 MP: 7/7
  5663 | D:5      | Found a staircase to the Ecumenical Temple.
  5983 | D:5      | Reached XP level 8. HP: 17/73 MP: 8/8
  6465 | D:5      | HP: 3/73 [gnoll/+0 spear (8)]
  6465 | D:5      | Slain by a gnoll

Illustrated notes

Levels and vault maps discovered:
D:1:      wheals_arrival_shading, layout_loops_cross
D:2:      layout_rooms, chequers_ecumenical_altar_grove
D:3:      layout_basic, portal_sewer_entry_a, minmay_mini_jars
D:4:      layout_basic, hellmonk_ghost_happy_afterlife, uniq_natasha
D:5:      layout_basic, minmay_temple_entry_ruins, enter_ossuary_3

Skill      XL: |  1  2  3  4  5  6  7 |
---------------+----------------------+-----
Fighting       | 4 5 6 7 |  7.2
Armour         | 1 2 3 |  3.6
Axes           | 5 6 7 |  7.9
Dodging        | 3 |  3.7
Stealth        | |  1.5

Action                   |  1- 3 |  4- 6 |  7- 9 || total
-------------------------+-------+-------+-------++-------
Melee: Hand axe          |    87 |    26 |       ||   113
       War axe           |       |   155 |    80 ||   235
 Stab: Sleeping          |     2 |     2 |       ||     4
       Distracted        |       |       |     1 ||     1
Armor: Robe              |    15 |    23 |     9 ||    47
       Skin              |       |     3 |       ||     3
Dodge: Dodged            |    67 |   117 |    59 ||   243
